Map: Lightshade LE

Players

Dream - Winner!

  • Race: Terran Terran
  • Spawn Location: 5:00

uwuThermal (uThermal)

  • Race: Terran Terran
  • Spawn Location: 11:00

Event: Cheeseadelphia Winter Championship 2021

VOD

Have the link to the VOD?

Description

Time

  • Played on: Jan. 23, 2021, 3:20 p.m.
  • Length: 20:58

All games in this series

Show
View Real Time Build Order
Export as new Build Order

Dream Terran - Winner!

Build Orders:  

Get SALT Encoding   

  12  0:00  SCV  
  13  0:12  SCV  
  14  0:17  Supply Depot  
  14  0:24  SCV  
  15  0:38  SCV  
  15  0:41  Barracks  
  16  0:43  Refinery  
  16  0:51  SCV  
  16  0:53  Refinery  
  17  1:03  SCV  
  18  1:15  SCV  
  19  1:28  Orbital Command, Reaper  
  19  1:29  Supply Depot  
  20  1:42  Factory  
  20  1:53  SCV  
  21  2:00  Reaper  
  22  2:05  SCV  
  23  2:17  SCV  
  23  2:25  Command Center  
  23  2:27  Hellion  
  26  2:30  SCV  
  26  2:32  Reaper  
  27  2:37  Supply Depot  
  27  2:42  SCV  
  28  2:49  Starport  
  28  2:51  Hellion  
  30  2:54  SCV  
  31  3:06  Barracks Reactor, SCV  
  32  3:13  Hellion  
  32  3:18  SCV  
  35  3:25  Medivac  
  35  3:26  Refinery  
  37  3:30  SCV  
  38  3:38  Factory Tech Lab  
  38  3:42  SCV  
  38  3:43  Marine x2  
  41  3:53  Orbital Command  
  41  3:54  SCV  
  42  3:56  Starport Tech Lab  
  42  3:58  Cyclone  
  42  4:00  Marine  
  42  4:01  Marine  
  47  4:06  SCV  
  48  4:18  SCV  
  48  4:20  Marine x2  
  48  4:23  Raven  
  53  4:28  Supply Depot  
  53  4:31  SCV  
  53  4:37  Siege Tank  
  53  4:38  Marine x2  
  49  4:48  SCV  
  49  4:51  Supply Depot  
  49  4:56  Marine x2  
  49  4:58  Orbital Command  
  51  5:00  SCV  
  51  5:01  Refinery  
  52  5:07  Raven  
  52  5:12  SCV  
  54  5:16  Marine  
  52  5:24  SCV  
  52  5:25  SCV  
  52  5:27  Siege Tank  
  55  5:34  Marine x2  
  57  5:37  SCV  
  57  5:38  SCV  
  59  5:49  SCV  
  60  5:50  Command Center  
  60  5:53  SCV  
  60  5:56  Raven  
  63  6:01  SCV  
  66  6:04  Refinery  
  66  6:05  SCV  
  66  6:10  Siege Tank  
  70  6:15  Supply Depot, SCV  
  70  6:17  Supply Depot  
  69  6:20  SCV  
  68  6:27  SCV  
  68  6:32  SCV  
  70  6:34  Barracks x2  
  70  6:39  SCV  
  71  6:44  SCV  
  71  6:45  Siege Tank  
  72  6:51  SCV  
  73  6:56  Stimpack, Marine  
  73  6:57  SCV  
  73  7:00  Viking  
  73  7:01  Viking  
  79  7:03  SCV  
  79  7:07  Engineering Bay x2  
  80  7:09  Orbital Command, SCV  
  80  7:14  Marine  
  83  7:15  SCV  
  83  7:21  SCV  
  84  7:27  SCV  
  84  7:28  Siege Tank  
  87  7:31  Orbital Command  
  87  7:33  Barracks Reactor x2  
  87  7:34  SCV, Marine  
  87  7:35  Viking x2  
  93  7:39  SCV  
  94  7:46  SCV  
  94  7:47  Terran Infantry Armor Level 1, Terran Infantry Weapons Level 1  
  95  7:52  SCV  
  95  7:54  Marine  
  95  7:58  SCV x2  
  81  8:01  Siege Tank  
  81  8:04  SCV, Viking  
  76  8:09  Marine  
  76  8:10  SCV x2  
  76  8:14  Marine  
  76  8:15  Marine x3  
  76  8:16  Viking  
  83  8:20  SCV  
  83  8:22  SCV x2  
  81  8:27  Marine  
  81  8:32  Marine x2  
  81  8:33  SCV  
  77  8:34  SCV  
  77  8:35  Marine x2  
  77  8:38  SCV  
  77  8:39  Siege Tank  
  76  8:42  Medivac  
  76  8:45  SCV, Marine  
  76  8:47  Combat Shield  
  79  8:51  SCV  
  79  8:52  SCV  
  80  8:56  Marine x2  
  80  8:57  Marine  
  80  8:58  Marine  
  80  8:59  SCV  
  80  9:02  Medivac, Marine  
  87  9:04  SCV x2  
  90  9:12  Medivac  
  90  9:14  Refinery x2, Marine x2  
  90  9:15  SCV  
  90  9:16  SCV  
  96  9:18  Marine  
  96  9:19  Marine  
  96  9:20  Marine  
  96  9:22  SCV  
  99  9:26  Sensor Tower  
  99  9:27  SCV  
  99  9:29  SCV  
  98  9:31  Marine x2  
  98  9:34  SCV  
  98  9:37  Marine  
  101  9:43  Supply Depot  
  101  9:44  Armory  
  101  9:45  Supply Depot  
  101  9:49  Supply Depot  
  101  10:04  Medivac x2, Siege Tank  
  101  10:05  Barracks  
  101  10:06  Barracks, Command Center  
  108  10:08  Supply Depot  
  108  10:10  Factory, Supply Depot  
  108  10:15  SCV x3  
  108  10:17  Barracks Reactor  
  108  10:19  Supply Depot  
  108  10:20  Marine x2  
  108  10:21  Marine x2  
  102  10:38  Marine x3  
  102  10:39  Siege Tank, Marine  
  102  10:41  Medivac x2  
  107  10:45  SCV x3  
  107  10:52  Terran Infantry Armor Level 2, Terran Infantry Weapons Level 2  
  107  10:54  Terran Vehicle Weapons Level 1  
  107  10:55  Marine  
  107  10:56  Marine x2  
  110  10:59  Marine x2  
  110  11:00  Marine  
  110  11:01  Barracks Reactor x2  
  110  11:02  Siege Tank  
  115  11:13  Marine x2  
  115  11:14  Marine  
  115  11:17  Siege Tank, Marine x2  
  115  11:18  Marine  
  124  11:24  Viking  
  124  11:25  Viking  
  128  11:31  Marine x2  
  128  11:32  Marine  
  131  11:34  Siege Tank  
  131  11:35  Marine x2  
  131  11:38  Marine x2  
  131  11:39  Marine  
  136  11:40  Marine  
  136  11:41  Marine  
  138  11:49  Planetary Fortress, SCV x3, Marine x2  
  138  11:50  Marine  
  138  11:53  Marine x2  
  146  11:56  Marine x2  
  146  11:57  Marine  
  146  11:58  Marine  
  146  11:59  Marine  
  154  12:01  Siege Tank  
  154  12:04  Viking  
  154  12:07  Marine x3  
  151  12:11  Marine x2  
  151  12:14  Marine  
  153  12:16  Marine  
  153  12:17  Marine  
  153  12:19  Marine  
  153  12:21  Marine  
  157  12:24  Marine  
  157  12:25  Marine  
  157  12:27  Siege Tank, Marine  
  157  12:28  Marine x2  
  156  12:31  Marine  
  156  12:33  Siege Tank  
  156  12:34  Marine x2  
  157  12:37  Marine  
  157  12:39  Marine  
  157  12:40  Orbital Command  
  157  12:42  Marine x2  
  158  12:46  Liberator x2  
  158  12:48  Marine x3  
  164  12:54  Marine  
  164  12:55  Marine x3  
  164  12:57  Marine  
  155  13:00  Marine  
  155  13:03  Marine  
  148  13:07  Marine  
  148  13:10  Marine x2  
  148  13:12  Marine  
  141  13:13  SCV, Marine  
  141  13:14  SCV x2  
  141  13:17  Siege Tank  
  141  13:19  Siege Tank  
  139  13:22  SCV  
  139  13:23  Marine x2  
  139  13:25  SCV, Marine  
  144  13:27  Marine  
  144  13:31  Marine x4  
  144  13:33  Sensor Tower  
  149  13:37  Marine x2  
  151  13:41  Marine x2  
  151  13:43  Marine  
  151  13:44  SCV x2  
  151  13:45  Marine  
  151  13:47  SCV x2  
  158  13:49  Refinery  
  158  13:50  Refinery  
  158  13:52  Marine x4  
  158  13:55  Marine x2  
  147  13:57  Siege Tank x2  
  147  13:59  Marine x2  
  147  14:01  Marine  
  158  14:02  Marine  
  159  14:10  Marine x3  
  159  14:13  Marine x2  
  159  14:14  Marine  
  162  14:17  Marine  
  162  14:20  Marine  
  164  14:35  Supply Depot x2, Terran Vehicle Weapons Level 2  
  164  14:36  Terran Infantry Weapons Level 3, Supply Depot, Terran Infantry Armor Level 3  
  164  14:44  Marine x3  
  164  14:46  Marine x4  
  164  14:47  Siege Tank, Marine x3  
  164  14:48  Siege Tank  
  146  14:55  Medivac  
  146  14:57  SCV x3  
  146  14:58  SCV  
  133  15:02  Refinery, Marine x3  
  133  15:03  Marine x3  
  133  15:04  Marine x2  
  133  15:05  Marine  
  142  15:09  SCV x2, Marine  
  142  15:11  Medivac  
  147  15:14  SCV x2  
  147  15:16  Refinery  
  147  15:19  Siege Tank  
  147  15:20  Marine x3  
  155  15:21  Marine  
  155  15:23  Marine x2  
  155  15:25  Siege Tank  
  155  15:26  Marine  
  162  15:29  Marine  
  162  15:30  Marine  
  162  15:31  Marine  
  165  15:37  Marine x2  
  165  15:38  Marine  
  165  15:39  Marine  
  169  15:45  Marine x3  
  169  15:47  Marine x2  
  169  15:49  Marine  
  134  15:50  Medivac x2  
  173  15:51  Siege Tank  
  173  15:55  Marine x2  
  173  15:56  Marine  
  183  15:58  Sensor Tower, SCV x3  
  183  16:01  Supply Depot  
  183  16:02  Marine  
  185  16:07  Orbital Command, Marine  
  185  16:09  Marine  
  180  16:12  Marine  
  180  16:17  Marine x2  
  167  16:19  Marine  
  167  16:20  Marine  
  167  16:23  Marine x3  
  167  16:25  Marine  
  150  16:27  Marine  
  150  16:30  Marine  
  150  16:31  Siege Tank x2  
  135  16:35  Marine x2  
  137  16:41  Marine  
  137  16:42  Marine  
  137  16:44  Marine  
  137  16:46  Marine  
  123  16:49  Marine  
  123  16:50  Marine x3  
  123  16:52  Marine  
  123  16:53  Marine  
  121  16:57  Sensor Tower  
  121  16:59  Marine  
  121  17:00  Marine  
  123  17:01  Marine  
  123  17:03  Siege Tank  
  123  17:04  Marine  
  123  17:05  Siege Tank  
  123  17:06  Marine  
  123  17:07  Marine  
  133  17:08  Medivac x2  
  133  17:13  Marine x3  
  140  17:17  Marine  
  140  17:18  Marine  
  140  17:20  Marine x2  
  140  17:21  Marine  
  133  17:24  Marine  
  133  17:28  Marine  
  134  17:31  Marine  
  134  17:33  Marine  
  134  17:34  Marine  
  134  17:35  Siege Tank, Marine  
  134  17:36  Marine  
  142  17:37  Siege Tank  
  142  17:38  Medivac  
  147  17:48  Marine x5  
  147  17:49  Marine  
  153  17:51  Marine  
  153  17:52  Marine  
  153  17:53  Marine  
  153  17:54  Marine  
  114  18:06  Marine x5  
  114  18:07  Siege Tank, Marine  
  114  18:09  Siege Tank, Marine x2  
  114  18:10  Marine  
  114  18:11  Medivac  
  114  18:12  Marine  
  122  18:17  SCV x2  
  122  18:19  SCV x2  
  118  18:23  Marine x2  
  118  18:24  Marine x3  
  118  18:25  Marine  
  111  18:27  Marine  
  111  18:28  Marine x2  
  111  18:30  Marine  
  111  18:32  SCV  
  107  18:41  Marine x5  
  107  18:42  Marine  
  107  18:45  Marine  
  107  18:46  Marine x2  
  107  18:47  Marine  
  111  18:55  Siege Tank x2  
  114  18:59  Marine x4  
  114  19:00  Medivac  
  123  19:05  Marine  
  123  19:06  Marine x3  
  126  19:10  Marine  
  126  19:11  Marine  
  128  19:17  Marine x2  
  128  19:23  Marine x2  
  132  19:24  Marine x2  
  132  19:25  Marine  
  132  19:26  Marine  
  132  19:27  Siege Tank  
  132  19:28  Marine  
  132  19:29  Marine  
  140  19:35  Marine  
  140  19:36  Marine  
  141  19:39  Siege Tank  
  141  19:41  Marine x2  
  141  19:44  Marine x2  
  141  19:45  Marine  
  149  19:50  Marine  
  149  19:51  Marine x2  
  152  19:54  Marine  
  152  19:55  Marine  
  152  19:59  Siege Tank, Marine  
  156  20:00  Marine  
  156  20:08  Marine x4  
  156  20:09  Marine  
  156  20:10  Marine  
  156  20:13  Marine  
  163  20:19  Marine x3  
  165  20:26  Marine x2  
  166  20:32  Marine x2  
  166  20:33  Marine x3  
  164  20:37  Marine x3  
Show
View Real Time Build Order
Export as new Build Order

uwuThermal Terran 

Build Orders:  

Get SALT Encoding   

  12  0:00  SCV  
  13  0:12  SCV  
  14  0:17  Supply Depot  
  14  0:24  SCV  
  15  0:38  SCV  
  15  0:39  Barracks  
  16  0:43  Refinery  
  16  0:50  SCV  
  16  0:52  Refinery  
  17  1:02  SCV  
  18  1:15  SCV  
  19  1:26  Reaper  
  19  1:27  Supply Depot, Orbital Command  
  20  1:40  Factory  
  20  1:52  SCV  
  21  1:59  Reaper  
  22  2:04  SCV  
  23  2:16  SCV  
  23  2:20  Command Center  
  24  2:25  Hellion  
  24  2:29  SCV  
  27  2:34  Barracks Reactor  
  27  2:41  Starport, SCV  
  28  2:48  Supply Depot  
  28  2:52  Factory Tech Lab  
  28  2:53  SCV  
  29  3:05  SCV  
  30  3:11  Siege Tank, Marine x2  
  34  3:17  SCV  
  35  3:23  Medivac, Refinery  
  37  3:29  SCV  
  37  3:32  Marine x2  
  40  3:36  Orbital Command  
  40  3:41  SCV  
  40  3:46  Cyclone  
  44  3:51  Marine  
  44  3:53  SCV, Marine  
  47  3:56  Starport Tech Lab  
  47  4:02  SCV  
  48  4:04  Supply Depot  
  48  4:05  SCV  
  48  4:09  Marine  
  50  4:14  SCV  
  50  4:18  Cyclone, SCV  
  54  4:25  Marine  
  54  4:26  Raven  
  54  4:27  Marine  
  57  4:36  SCV  
  55  4:44  Marine  
  55  4:45  SCV, Marine  
  56  4:53  Siege Tank  
  56  4:54  SCV  
  60  5:02  Supply Depot, Marine  
  60  5:06  Marine  
  62  5:14  SCV  
  62  5:15  SCV  
  62  5:20  Marine  
  58  5:26  SCV, Siege Tank  
  58  5:27  SCV  
  63  5:32  Raven  
  65  5:35  Supply Depot  
  65  5:36  Marine  
  65  5:38  Marine  
  65  5:39  SCV  
  65  5:41  SCV  
  69  5:51  SCV  
  69  5:52  Supply Depot  
  69  5:56  Supply Depot  
  70  5:57  SCV, Marine x2  
  70  5:59  Siege Tank  
  70  6:03  SCV  
  77  6:09  SCV  
  78  6:14  Command Center  
  78  6:17  Raven  
  80  6:19  Marine x2  
  80  6:21  SCV  
  80  6:25  Refinery  
  81  6:26  SCV  
  81  6:30  Supply Depot  
  82  6:33  Siege Tank, SCV  
  82  6:37  Marine x2  
  82  6:38  SCV  
  89  6:45  SCV  
  90  6:50  SCV  
  90  6:52  Barracks  
  90  6:53  Supply Depot, Barracks  
  91  6:58  SCV  
  91  7:01  Engineering Bay x2  
  92  7:05  Siege Tank  
  92  7:06  SCV  
  96  7:13  Viking x2  
  100  7:17  SCV  
  101  7:26  Marine  
  101  7:27  Stimpack  
  101  7:28  Terran Infantry Weapons Level 1  
  102  7:30  SCV  
  102  7:36  SCV  
  104  7:37  Terran Infantry Armor Level 1  
  104  7:42  SCV  
  104  7:43  Barracks Reactor  
  105  7:44  Barracks Reactor  
  105  7:45  Refinery  
  105  7:46  Refinery  
  105  7:48  SCV  
  100  7:56  Siege Tank  
  91  8:00  SCV  
  91  8:04  SCV, Marine  
  85  8:09  SCV  
  85  8:11  Barracks  
  86  8:12  Barracks  
  86  8:13  SCV  
  86  8:16  SCV  
  88  8:21  Marine  
  88  8:25  SCV  
  87  8:27  Marine  
  87  8:30  Siege Tank  
  87  8:32  Marine  
  82  8:36  Marine  
  82  8:37  SCV  
  82  8:40  Marine  
  82  8:41  SCV, Marine  
  82  8:42  Medivac x2  
  82  8:45  Armory, Marine  
  89  8:49  SCV  
  89  8:52  Orbital Command  
  89  8:53  Marine x2  
  89  8:54  SCV  
  92  8:58  Marine x2  
  92  9:00  Barracks Reactor x2  
  92  9:01  SCV  
  92  9:02  Siege Tank  
  98  9:05  Sensor Tower  
  98  9:06  Missile Turret, Marine  
  98  9:08  Missile Turret, SCV  
  98  9:09  Combat Shield  
  100  9:10  Marine  
  100  9:11  Marine  
  100  9:13  SCV  
  100  9:15  Medivac x2  
  100  9:16  Marine  
  108  9:18  Marine  
  108  9:20  SCV  
  108  9:21  SCV  
  108  9:22  Supply Depot  
  108  9:24  Marine  
  111  9:25  Missile Turret  
  111  9:28  Marine  
  111  9:29  Marine  
  114  9:32  Supply Depot  
  114  9:33  Terran Infantry Weapons Level 2  
  114  9:34  Siege Tank  
  113  9:42  Terran Infantry Armor Level 2  
  113  9:44  Marine x2  
  113  9:46  Marine x2  
  113  9:47  Missile Turret, Marine x2  
  113  9:50  Marine x3  
  120  9:56  Terran Vehicle Weapons Level 1  
  120  9:57  Supply Depot  
  120  9:58  Medivac  
  122  10:02  Medivac, Marine x2  
  122  10:04  Marine x2  
  122  10:05  Marine  
  122  10:06  Missile Turret  
  129  10:08  Missile Turret, Supply Depot  
  129  10:10  Siege Tank, Marine x2  
  129  10:12  Marine x2  
  136  10:20  Marine  
  137  10:22  Marine x3  
  137  10:26  Sensor Tower  
  136  10:33  Medivac x2, Marine  
  138  10:36  Marine  
  138  10:38  Marine  
  138  10:39  SCV  
  138  10:40  Marine  
  142  10:43  Siege Tank  
  142  10:44  Marine  
  142  10:46  Marine  
  143  10:50  Marine x2  
  143  10:51  Marine  
  145  10:59  Marine x2  
  145  11:00  Command Center  
  145  11:02  Command Center, Marine  
  148  11:07  Factory  
  148  11:08  Marine  
  148  11:09  Supply Depot  
  148  11:10  Supply Depot, Medivac x2, Marine  
  149  11:12  Marine  
  149  11:15  Siege Tank  
  149  11:16  Barracks Reactor  
  149  11:17  Marine  
  153  11:23  Marine x2  
  155  11:25  Marine  
  155  11:27  Marine  
  155  11:30  Marine  
  155  11:32  Supply Depot  
  152  11:40  Medivac, Marine  
  152  11:41  Marine  
  152  11:42  Medivac  
  152  11:45  Supply Depot  
  152  11:46  Marine  
  157  11:47  Siege Tank, Marine x2  
  157  11:51  Terran Infantry Weapons Level 3  
  157  11:52  Marine  
  157  11:54  Factory Tech Lab, Marine x3  
  166  12:04  Terran Infantry Armor Level 3  
  166  12:06  Marine x2  
  166  12:07  Marine x3  
  166  12:10  Marine  
  166  12:12  Marine  
  167  12:19  Siege Tank, Marine  
  167  12:21  Marine  
  172  12:23  Medivac  
  172  12:26  Medivac  
  172  12:27  Marine x2  
  172  12:29  Marine x3  
  169  12:31  Marine  
  169  12:33  Marine  
  162  12:38  Orbital Command  
  162  12:39  Marine  
  163  12:49  Marine  
  163  12:50  Siege Tank, Marine  
  165  12:54  Marine x2  
  165  12:55  Marine x2  
  166  12:59  Medivac, Marine x2  
  161  13:07  Marine  
  161  13:12  Marine  
  156  13:13  Medivac, Marine x3  
  156  13:14  Siege Tank, Marine  
  156  13:15  Planetary Fortress  
  156  13:16  SCV  
  156  13:18  Marine  
  148  13:21  SCV  
  148  13:22  Marine  
  148  13:24  Marine  
  148  13:25  Marine  
  150  13:30  Marine  
  150  13:31  Marine  
  150  13:33  Marine  
  153  13:35  Sensor Tower  
  153  13:39  Marine x2  
  153  13:47  Siege Tank  
  156  13:54  Marine x2  
  148  13:56  Siege Tank  
  148  13:59  Marine  
  152  14:02  Marine  
  152  14:03  Marine x2  
  152  14:05  Marine  
  152  14:06  Marine  
  152  14:08  Viking x2  
  161  14:15  Marine x2  
  162  14:18  Marine x2  
  162  14:19  Siege Tank  
  162  14:20  Marine  
  162  14:22  Marine  
  169  14:24  Marine  
  169  14:25  Marine  
  169  14:28  Siege Tank, Marine  
  175  14:33  Marine x2  
  175  14:35  Marine  
  175  14:36  Marine  
  170  14:51  Siege Tank  
  140  14:58  Marine x6  
  140  14:59  Viking x2  
  143  15:00  Siege Tank  
  143  15:01  Marine  
  143  15:02  Refinery x2  
  143  15:03  Marine  
  143  15:06  Marine  
  149  15:15  Marine  
  149  15:16  Marine x4  
  149  15:18  Marine  
  149  15:19  Marine  
  149  15:20  SCV  
  157  15:22  Command Center, Marine  
  157  15:23  Siege Tank  
  157  15:24  Marine  
  162  15:31  Viking  
  162  15:32  Siege Tank  
  162  15:33  Marine  
  162  15:34  Marine x4  
  172  15:42  Marine  
  173  15:44  Marine  
  173  15:45  Marine  
  173  15:47  Marine  
  176  15:51  Marine  
  176  15:52  Missile Turret, Marine  
  176  15:53  Marine  
  176  15:55  Siege Tank  
  182  15:58  Marine  
  183  16:04  Siege Tank  
  183  16:07  Viking  
  183  16:08  Marine  
  183  16:09  Marine  
  165  16:25  Marine  
  165  16:27  Siege Tank, Marine  
  165  16:30  Marine  
  157  16:33  Marine  
  157  16:34  Orbital Command  
  157  16:35  Marine x3  
  157  16:36  Siege Tank  
  162  16:46  Marine  
  152  16:50  Medivac x2  
  152  16:52  Marine  
  155  16:55  Orbital Command  
  155  16:58  Marine  
  155  16:59  Siege Tank  
  155  17:00  Sensor Tower  
  155  17:01  Marine x2  
  159  17:02  Marine  
  159  17:06  Marine  
  163  17:08  Siege Tank  
  163  17:12  Marine x2  
  163  17:13  Marine  
  169  17:20  Marine  
  166  17:24  Liberator x2  
  166  17:25  Marine  
  166  17:26  Marine  
  174  17:31  Siege Tank  
  174  17:33  Marine  
  174  17:34  Marine  
  174  17:35  Orbital Command  
  174  17:36  Marine  
  180  17:39  SCV  
  180  17:43  Siege Tank  
  184  17:51  Marine  
  184  17:52  Marine  
  183  18:04  Marine x2  
  155  18:07  Liberator x2  
  155  18:09  Siege Tank, Marine x3  
  157  18:16  Siege Tank, Marine  
  155  18:20  Marine  
  155  18:26  Marine  
  143  18:31  Marine x2  
  143  18:33  Marine  
  143  18:34  Marine  
  141  18:41  Siege Tank  
  133  18:42  Marine  
  133  18:46  Marine  
  133  18:48  Siege Tank  
  140  18:55  Viking  
  140  18:56  Marine x3, Viking  
  141  19:03  Marine x2  
  141  19:06  Marine  
  141  19:12  Marine x2  
  141  19:13  Siege Tank, Marine  
  141  19:14  Marine  
  141  19:16  Marine  
  149  19:20  Siege Tank, Marine  
  153  19:26  Marine  
  153  19:28  Medivac  
  153  19:29  Marine x2  
  153  19:30  Marine  
  156  19:37  Marine x3  
  159  19:38  Marine  
  159  19:41  Marine  
  159  19:43  Orbital Command  
  159  19:45  Siege Tank, Marine  
  165  19:47  Sensor Tower, Marine  
  165  19:49  Marine  
  165  19:52  Siege Tank, Marine  
  171  19:57  Marine x2, Viking  
  171  19:58  Viking  
  174  20:02  Marine x2  
  176  20:12  Marine x3  
  176  20:14  Marine  
  176  20:17  Siege Tank  
  176  20:20  Marine  
  180  20:23  Marine  
  180  20:24  Siege Tank  
  180  20:27  Viking  
  163  20:35  Marine  
  154  20:38  Marine x2  
Tags
 
Add a new tag
Caveats
  • Supply blocks, unpowered buildings, or Contaminate may cause inaccurate times.
  • Supply counts are checked every 10 seconds.